 Dungeon Crawl Stone Soup version 0.19.6-3-g7d5932f76a (webtiles) character file.

1406505 grothendieck the Messiah (level 27, 266/266 HPs)
             Began as a Hill Orc Monk on Nov 7, 2023.
             Was the Champion of Beogh.
             Escaped with the Orb
             ... and 3 runes on Nov 13, 2023!
             The game lasted 13:49:51 (107742 turns).

grothendieck the Messiah (Hill Orc Monk)          Turns: 107742, Time: 13:49:51

Health: 266/266    AC: 56    Str: 27      XL:     27
Magic:  39/40      EV: 17    Int: 14 (15) God:    Beogh [******]
Gold:   3906       SH: 30    Dex: 21      Spells: 6 memorised, 12 levels left

rFire  + + .     SeeInvis +     b - +9 broad axe (holy)
rCold  + + .     Gourm    .     h - +12 gold dragon scales
rNeg   + . .     Faith    +     t - +5 large shield of Hairiness {rCorr}
rPois  +         Spirit   .     A - +2 helmet {Int+3}
rElec  +         Reflect  .     Z - +2 cloak {MR+}
rCorr  +         Harm     .     v - +1 pair of gloves of Teick {rC+ Int+2 Dex+4}
MR     +++++                    j - +2 pair of boots of Pessimism {rF+ rN+ SInv}
Stlth  ..........               U - amulet of faith
                                m - +5 ring of protection
                                X - ring "Melalen" {rElec MR++ Dex+4}

@: no status effects
A: walk on water
a: Smiting, Recall Orcish Followers, Give Item to Named Follower, Resurrection,
Renounce Religion
0: Orb of Zot
}: 3/15 runes: serpentine, barnacled, silver


You escaped.
You worshipped Beogh.
Beogh was exalted by your worship.
You were very full.

You visited 10 branches of the dungeon, and saw 50 of its levels.
You visited 1 bazaar.
You also visited: Labyrinth, Trove and Ice Cave.

You collected 9875 gold pieces.
You spent 5969 gold pieces at shops.

Inventory:

Hand Weapons
 a - a +9 broad axe of freezing
 b - a +9 broad axe of holy wrath (weapon)
 e - a +3 bardiche of freezing
 k - a +0 vampiric broad axe
 q - a +2 bardiche
 z - a +0 bardiche of chopping
Missiles
 F - 18 throwing nets
 G - 37 javelins of penetration (quivered)
Armour
 h - +12 gold dragon scales (worn)
 j - the +2 pair of boots of Pessimism (worn) {rF+ rN+ SInv}
   (You bought it in a shop in a bazaar)

   It protects you from fire.
   It protects you from negative energy.
   It lets you see invisible.
 s - the +4 dragonskin cloak
   (You took it off Tiamat on level 2 of the Realm of Zot)
 t - the +5 large shield of Hairiness (worn) {rCorr}
   (You found it on level 1 of the Realm of Zot)

   It protects you from acid and corrosion.
 v - the +1 pair of gloves of Teick (worn) {rC+ Int+2 Dex+4}
   (You found it on level 6 of the Dungeon)

   It affects your intelligence (+2).
   It affects your dexterity (+4).
   It protects you from cold.
 y - the +0 crystal plate armour of Defence {-Tele +Fly rF+ Int+3 Dex+5}
   (You found it in a treasure trove)

   It affects your intelligence (+3).
   It affects your dexterity (+5).
   It protects you from fire.
   It lets you fly.
   It prevents most forms of teleportation.
 A - a +2 helmet of intelligence (worn)
 Z - a +2 cloak of magic resistance (worn)
Jewellery
 g - the ring of the Trilobite {rN+ MR+ AC+1 Str+6}
   (You found it in a treasure trove)

   [ring of protection]

   It affects your AC (+1).
   It affects your strength (+6).
   It protects you from negative energy.
   It affects your resistance to hostile enchantments.
 m - a +5 ring of protection (right hand)
 P - the ring of Ycwepeag {+Inv MR+ Int+2}
   (You found it on level 5 of the Vaults)

   [ring of intelligence]

   It affects your intelligence (+2).
   It affects your resistance to hostile enchantments.
   It lets you turn invisible.
 U - an amulet of faith (around neck)
 X - the ring "Melalen" (left hand) {rElec MR++ Dex+4}
   (You took it off a deep elf annihilator on level 3 of the Elven Halls)

   [ring of dexterity]

   It affects your dexterity (+4).
   It insulates you from electricity.
   It affects your resistance to hostile enchantments.
Wands
 K - a wand of acid (15/15)
 M - a wand of iceblast (15/15)
 S - a wand of digging (23/24)
 V - a wand of teleportation (9/9)
Scrolls
 f - 10 scrolls of recharging
 i - 14 scrolls of fear
 o - 2 scrolls of vulnerability
 p - 10 scrolls of remove curse
 r - 9 scrolls of identify
 D - 5 scrolls of silence
 J - 9 scrolls of blinking
 L - 4 scrolls of magic mapping
 Q - 5 scrolls of fog
 W - 18 scrolls of teleportation
Potions
 d - 6 potions of might
 l - 18 potions of curing
 x - 5 potions of ambrosia
 B - 3 potions of cure mutation
 E - 7 potions of flight
 H - 7 potions of haste
 N - 7 potions of heal wounds
 O - 3 potions of berserk rage
 R - 5 potions of agility
 T - 3 potions of cancellation
 Y - 5 potions of resistance
Miscellaneous
 I - a phial of floods
Comestibles
 c - 25 bread rations


   Skills:
 + Level 25.5 Fighting
 - Level 18.0 Axes
 + Level 22.8 Armour
 + Level 17.4 Dodging
 - Level 1.5 Stealth
 + Level 21.1 Shields
 O Level 27 Invocations
 - Level 12.5 Evocations


You had 12 spell levels left.
You knew the following spells:

 Your Spells              Type           Power        Failure   Level  Hunger
a - Apportation           Tloc           #.........   100%        1    ##.....
b - Song of Slaying       Chrm           #.......     100%        2    ###....
c - Regeneration          Chrm/Necr      #.........   100%        3    ####...
d - Spectral Weapon       Hex/Chrm       #.......     100%        3    ####...
l - Lesser Beckoning      Tloc           #.........   100%        3    ####...
w - Passwall              Tmut/Erth      #.........   100%        2    ###....


Dungeon Overview and Level Annotations

Branches:
Dungeon (15/15)            Temple (1/1) D:7            Lair (6/6) D:10
 Shoals (4/4) Lair:3        Snake (4/4) Lair:4        Slime (0/5) Lair:5
    Orc (2/2) D:12            Elf (3/3) Orc:2        Vaults (5/5) D:14
  Crypt (0/3) Vaults:3     Depths (5/5) D:15            Zot (5/5) Depths:5

Altars:
Ashenzari
Cheibriados
Dithmenos
Elyvilon
Fedhas
Gozag
Hepliaklqana
Kikubaaqudgha
Makhleb
Nemelex Xobeh
Okawaru
Qazlal
Ru
Sif Muna
Trog
Uskayaw
Vehumet
Xom
Yredelemnul
Zin
The Shining One

Shops:
D:4 (   D:5 *   D:6 [   D:8 (   D:9 =   D:11 }   Orc:2 }*}[   Elf:1 *
Elf:2 %}?=?   Shoals:1 %   Shoals:4 !:?[   Snake:1 ([([   Vaults:2 *
Vaults:4 [   Depths:1 *   Depths:5 %

Portals:
Hell: Depths:1 Depths:2 Depths:3 Depths:4 Depths:5
Abyss: Depths:1 Depths:2 Depths:4
Pandemonium: Depths:3 Depths:4
Ziggurat: Depths:3


Message History

(V) Vaults (C) Crypt (U) Depths (H) Hell (Z) Zot
Where to? (Enter - D:1 @ (x,y), ? - help)
What level of the Dungeon? (default 1, ? - help)
There is an open door here.
There is a staircase leading out of the dungeon here.
You feel much better.
You feel much better.
You begin recalling your allies.
Borgoth is recalled.
Urtork is recalled.
Blodwig is recalled.
You feel much better.
Learuk is recalled.
Boldo is recalled.
Your health is already full!
Okay, then.
Rocco is recalled.
Borgun is recalled.
Bogric is recalled.
Your orc warlord is recalled.
You finish recalling your allies.
As you read the scroll of fear, it crumbles to dust.
You assume a fearsome visage.
Nothing appears to happen.
You have escaped!

......#####.##.#..#.#.#
............#..#..#.#.###########
......#######.#####.#.#..........
####........#.......#.#.########.
............##......#.#.#...# #.
####.###########'####.#.#.#.# #.
#.# #.o.# #.#.#.#.# #. #.#


#ooo# #.#.#.#.# #. ####.# #o@o# #.#.#.#.# #. ...#.# #ooo# #.#.#.#.# #. ...#.#
##### #...#.#.# #. ...#.# #...#.#.# #. ##.#.# #.#.#.#.# #. ##.#.# #.#.#.#.# #.
...#.# #.#.#.#.# #. ...#.# #.#.#.#.# #. ...#.# #.#.#.#.# #. You could see a
friendly orc warlord, the friendly Blodwig the orc warlord, the friendly Bogric
the orc warlord, the friendly Boldo the orc warlord, the friendly Borgoth the
orc warlord, the friendly Learuk the orc warlord, the friendly Rocco the orc
warlord, the friendly Urtork the orc warlord and the friendly Borgun the orc
high priest.

Vanquished Creatures
  An ancient lich (Zot:4)
  Sojobo (Depths:2)
  Boris (Depths:2)
  2 caustic shrikes (Depths:4)
  5 curse toes
  4 Killer Klowns (Zot:4)
  10 golden dragons
  3 electric golems
  An Ice Fiend (Depths:5)
  4 liches
  10 Orb Guardians
  2 titans (Vaults:4)
  9 tentacled monstrosities
  A deep elf master archer (Depths:4)
  A quicksilver dragon (Zot:3)
  A kraken (Shoals:3)
  3 sphinxes
  5 death cobs
  4 shadow dragons
  4 tengu reavers
  Donald (Lair:3)
  Ilsuiw (Shoals:4)
  7 storm dragons
  3 draconian monks
  7 fire giants
  10 frost giants
  2 iron dragons
  A caustic shrike zombie (Depths:2)
  5 ghost moths
  Louise (Snake:3)
  4 draconian knights
  2 nagarajas (Snake:4)
  5 deep elf sorcerers
  2 draconian zealots (Zot:2)
  8 vault wardens
  An orc warlord (Orc:2)
  4 deep elf elementalists
  3 draconian shifters (Zot:3)
  A caustic shrike skeleton (Depths:3)
  2 spriggan defenders (Depths:4)
  2 draconian annihilators
  8 very ugly things
  11 stone giants
  A war gargoyle (Vaults:3)
  6 ironheart preservers
  11 green draconians
  2 entropy weavers
  4 draconian callers
  4 vampire knights
  5 deep elf demonologists
  4 deep elf annihilators
  6 red draconians
  4 black draconians
  6 white draconians
  5 mottled draconians
  7 spark wasps
  2 yellow draconians
  4 purple draconians
  2 deep elf death magi
  4 ettins
  7 merfolk javelineers
  4 deep elf high priests
  12 fire dragons
  A minotaur (Lab)
  4 merfolk impalers
  3 jiangshi (Depths:2)
  6 great orbs of eyes
  9 yaktaur captains
  10 hydras
  3 naga warriors
  4 spriggan air magi
  11 ice dragons
  9 vault guards
  3 merfolk avatars
  2 death knights (Vaults:5)
  4 rakshasas
  7 anacondas
  A ghost crab (shapeshifter) (D:15)
  A catoblepas (Vaults:2)
  7 centaur warriors
  4 merfolk aquamancers (Shoals:4)
  2 hell hogs (Depths:2)
  9 ogre magi
  16 dancing weapons
  A death yak (IceCv)
  7 deep troll shamans
  A tengu warrior (Depths:1)
  6 deep troll earth magi
  5 naga sharpshooters
  A satyr (Shoals:3)
  3 vampire magi
  2 shock serpents (shapeshifter)
  An orc high priest (Orc:2)
  17 deep elf knights
  5 shock serpents
  2 spriggan berserkers
  A soul eater (D:10)
  A fire crab (shapeshifter) (Vaults:3)
  3 spriggans
  5 sea snakes
  3 unseen horrors (Depths:1)
  A salamander mystic (Depths:2)
  3 hell knights
  10 deep trolls
  A golden dragon zombie (Depths:2)
  A naga ritualist (Snake:4)
  A skeletal warrior (Vaults:5)
  A kraken simulacrum (Shoals:4)
  11 flayed ghosts
  2 swamp dragons (shapeshifter)
  19 deep elf archers
  A phantasmal warrior (Vaults:5)
  An obsidian statue (Orc:2)
  4 wizards
  12 ironbrand convokers
  A lindwurm (D:14)
  A wolf spider zombie (D:14)
  4 hill giants
  A harpy (shapeshifter) (Depths:4)
  4 necromancers
  4 glowing orange brains
  4 oklob plants
  3 wolf spiders
  4 mana vipers
  5 large abominations (Depths:1)
  An orc knight (D:15)
  A harpy (Shoals:4)
  A swamp dragon (Vaults:2)
  16 ugly things
  32 deep elf magi
  A wolf spider (shapeshifter) (Depths:3)
  A cyclops (shapeshifter) (Depths:3)
  An orc sorcerer (Elf:1)
  3 cyclopes
  A sphinx skeleton (Depths:2)
  21 moths of wrath
  16 fauns
  7 sirens
  9 manticores
  4 salamanders
  A shining eye (shapeshifter) (Vaults:4)
  2 tengu skeletons
  9 elephants
  3 guardian serpents
  6 water nymphs
  Maurice (D:9)
  12 black mambas
  3 vault sentinels
  An ice statue (IceCv)
  A rust devil (Depths:5)
  6 spiny frogs
  7 naga magi
  A torpor snail (shapeshifter) (Elf:1)
  5 komodo dragons
  5 rime drakes
  A centaur skeleton (D:14)
  2 freezing wraiths (Vaults:4)
  45 yaktaurs
  A spriggan zombie (Depths:2)
  An efreet (D:15)
  A kobold demonologist (D:12)
  A golden dragon simulacrum (Depths:3)
  2 tengu conjurers
  2 ice devils (Lair:2)
  An elf skeleton (Depths:2)
  A troll (shapeshifter) (Depths:3)
  A queen bee (D:9)
  3 trolls
  2 meliai (D:14)
  6 wind drakes
  21 polar bears
  A polar bear (shapeshifter) (Depths:4)
  19 two-headed ogres
  4 hornets
  24 merfolk
  10 hippogriffs
  5 blink frogs
  8 dream sheep
  A blink frog (shapeshifter) (Depths:5)
  25 slime creatures
  4 snapping turtles
  A frost giant simulacrum (Vaults:2)
  3 air elementals
  A tarantella (shapeshifter) (Elf:3)
  7 redbacks
  10 water elementals
  6 wraiths
  38 yaks
  4 flying skulls (Depths:2)
  A spriggan (shapeshifter) (Vaults:4)
  3 wyverns
  2 hogs (D:13)
  A spriggan simulacrum (Depths:3)
  A basilisk (D:15)
  5 fire elementals
  4 hungry ghosts (Lab)
  A human (shapeshifter) (Vaults:2)
  A chaos spawn (Depths:1)
  A neqoxec (D:9)
  A mottled dragon (D:14)
  2 small abominations (Depths:1)
  18 nagas
  5 wargs
  8 hell hounds
  3 floating eyes
  22 water moccasins
  7 porcupines
  3 ice beasts
  A black bear (D:8)
  37 ogres
  5 orc warriors
  6 sky beasts
  2 phantoms
  30 wolves
  17 centaurs
  12 crocodiles
  A big kobold (D:10)
  16 bullfrogs
  An earth elemental (Lab)
  A water moccasin zombie (D:7)
  2 scorpions (D:7)
  2 wyvern skeletons
  A water moccasin skeleton (D:7)
  26 killer bees
  4 electric eels
  3 wights
  11 howler monkeys
  A troll skeleton (Lab)
  2 crimson imps (D:7)
  A bullfrog zombie (D:7)
  4 centaur zombies
  4 jellies
  16 orc wizards
  8 hounds
  4 orc priests
  An iguana (D:4)
  4 bullfrog skeletons
  6 worker ants
  3 hound skeletons
  5 gnolls
  2 worker ant zombies (D:5)
  25 adders
  2 river rats (D:10)
  2 shadow imps
  3 oozes
  An adder zombie (D:9)
  A worm (shapeshifter) (Vaults:5)
  4 worms
  3 dart slugs
  7 leopard geckos
  32 orcs
  A ball python (D:4)
  5 giant cockroaches
  9 goblins
  7 hobgoblins
  22 jackals
  3 quokkas
  15 bats
  6 frilled lizards
  11 kobolds
  2 leopard gecko skeletons
  2 quokka skeletons
  A quokka zombie (D:5)
  14 rats
  A crawling corpse (Elf:3)
  4 fungi
  6 plants
  5 tentacles
1504 creatures vanquished.

Vanquished Creatures (collateral kills)
  Tiamat (Zot:2)
  Mara (Vaults:4)
  3 orbs of fire
  4 ancient liches
  A caustic shrike (Depths:4)
  4 Killer Klowns
  2 golden dragons (Vaults:4)
  the Enchantress (Depths:4)
  Jorgrun (Vaults:4)
  2 electric golems
  2 liches
  Rupert (Lair:4)
  8 tentacled monstrosities
  9 titans
  17 Orb Guardians
  2 deep elf blademasters (Elf:3)
  4 quicksilver dragons
  The ghost of ouz the Severer, an adept DDFi of Makhleb (Elf:3)
  10 death cobs
  7 sphinxes
  Kirke (D:13)
  9 storm dragons
  4 draconian monks
  6 tengu reavers
  9 nagarajas
  5 shadow dragons
  5 frost giants
  4 draconian knights
  5 fire giants
  15 vault wardens
  An orc warlord (Orc:1)
  4 draconian shifters
  3 deep elf elementalists
  3 deep elf sorcerers
  A caustic shrike zombie (Depths:2)
  5 iron dragons
  18 ironheart preservers
  A draconian scorcher (Zot:2)
  2 draconian annihilators
  2 draconian zealots
  18 very ugly things
  2 spriggan defenders (Depths:4)
  14 stone giants
  2 vampire knights
  2 green draconians
  3 deep elf demonologists
  A dire elephant (Lair:6)
  5 black draconians
  9 deep elf annihilators
  4 white draconians
  11 yellow draconians
  2 spark wasps
  11 purple draconians
  4 red draconians
  5 merfolk javelineers
  4 mottled draconians
  3 ettins
  10 merfolk impalers
  7 great orbs of eyes
  A quicksilver dragon zombie (Depths:2)
  5 fire dragons
  8 ice dragons
  14 yaktaur captains
  4 deep elf death magi
  3 jiangshi (Depths:2)
  14 naga warriors
  6 hydras
  39 vault guards
  3 deep elf high priests (Elf:3)
  5 rakshasas
  A spriggan air mage (Depths:4)
  22 anacondas
  3 centaur warriors
  12 ogre magi
  A merfolk avatar (Shoals:1)
  23 dancing weapons
  An anaconda (shapeshifter) (Depths:4)
  3 satyrs
  A hell hog (shapeshifter) (Depths:3)
  3 vampire magi
  4 merfolk aquamancers (Shoals:3)
  7 deep troll shamans
  A hell hog (Depths:2)
  A death knight (Vaults:2)
  3 tengu warriors
  Urug (D:10)
  2 orc high priests (Orc:2)
  4 deep troll earth magi
  A titan zombie (Depths:2)
  15 naga sharpshooters
  3 spriggan berserkers (Depths:4)
  3 hell knights (Depths:4)
  A shock serpent (Snake:4)
  A fire crab (shapeshifter) (Elf:3)
  4 iron trolls
  12 deep elf knights
  A skeletal warrior (Vaults:5)
  A titan skeleton (Depths:2)
  A glowing orange brain (shapeshifter) (Vaults:4)
  10 sea snakes
  A salamander mystic (Depths:3)
  16 deep trolls
  6 wizards
  A glowing orange brain (Vaults:3)
  2 spark wasp zombies (Depths:2)
  8 naga ritualists
  A swamp dragon (Vaults:2)
  A necromancer (Vaults:4)
  38 deep elf magi
  4 phantasmal warriors (Vaults:4)
  3 harpies (Vaults:2)
  11 deep elf archers
  7 orc knights
  5 hill giants
  2 frost giant zombies (Depths:2)
  8 mana vipers
  15 ironbrand convokers
  A manticore (shapeshifter) (Elf:3)
  9 fauns
  5 wolf spiders
  4 orc sorcerers
  8 moths of wrath
  4 manticores
  3 large abominations (Depths:1)
  2 fauns (shapeshifter) (Vaults:4)
  A salamander (shapeshifter) (Vaults:2)
  17 ugly things
  2 cyclopes
  9 salamanders
  A moth of wrath (shapeshifter) (D:15)
  3 centaur zombies
  7 elephants (Lair:6)
  4 sirens
  A cyclops (shapeshifter) (Vaults:2)
  9 naga magi
  21 vault sentinels
  3 water nymphs (Shoals:3)
  13 guardian serpents
  36 black mambas
  A smoke demon (Depths:5)
  A stone giant skeleton (Depths:2)
  An orange demon (Zot:5)
  9 spiny frogs
  5 rime drakes (Lair:6)
  2 komodo dragons (Lair:6)
  A freezing wraith (Vaults:4)
  43 yaktaurs
  19 merfolk
  A tengu conjurer (Depths:2)
  2 merfolk (shapeshifter)
  A queen bee (D:10)
  3 trolls
  5 wind drakes
  3 polar bears
  13 two-headed ogres
  8 blink frogs
  16 slime creatures
  A meliai (D:14)
  11 hornets
  5 snapping turtles
  5 hippogriffs
  A slime creature (shapeshifter) (Depths:3)
  7 dream sheep
  A blink frog (shapeshifter) (Depths:2)
  A hippogriff (shapeshifter) (Elf:2)
  3 wyverns
  A spriggan (shapeshifter) (Depths:3)
  7 spriggans (Depths:4)
  3 air elementals
  14 water elementals
  11 redbacks
  3 wraiths
  A redback (shapeshifter) (Vaults:4)
  An elf zombie (Depths:2)
  24 yaks
  A basilisk (Lair:2)
  A fire bat (shapeshifter) (Depths:2)
  A hog (D:13)
  3 hungry ghosts
  2 vampire mosquitoes (D:14)
  30 nagas
  A warg (Vaults:2)
  A mottled dragon (Vaults:1)
  A soldier ant (shapeshifter) (Vaults:4)
  2 porcupines
  A hell hound (Depths:2)
  6 water moccasins
  5 orc warriors
  An ice beast (D:7)
  A phantom (D:11)
  26 ogres
  2 wolves (Lair:5)
  6 centaurs
  A crocodile (shapeshifter) (Vaults:5)
  4 crocodiles
  A small abomination (Depths:1)
  A big kobold (D:10)
  6 bullfrogs
  A bullfrog (shapeshifter) (Vaults:2)
  4 earth elementals
  3 scorpions
  11 killer bees
  2 crimson imps
  10 orc priests
  9 orc wizards
  A worker ant zombie (D:11)
  A gnoll (D:8)
  4 adders
  An adder skeleton (D:9)
  A leopard gecko (D:9)
  16 orcs
  4 bats (D:10)
  2 jackals (D:8)
  A jackal zombie (D:8)
  4 kobolds (D:10)
  2 rats (D:10)
  3 crawling corpses
  8 fungi
  15 plants
1282 creatures vanquished.

Vanquished Creatures (others)
  7 orc warlords
  A fire giant (Vaults:4)
  A draconian knight (Zot:2)
  A draconian annihilator (Zot:2)
  2 vampire knights (Depths:4)
  A merfolk aquamancer (Shoals:4)
  26 orc knights
  2 orc high priests
  A deep elf knight (Vaults:5)
  4 orc sorcerers
  A deep elf mage (Elf:3)
  A black mamba (Snake:4)
  A yaktaur (Depths:4)
  A hornet (Vaults:3)
  20 orc wizards
  30 orc warriors
  40 orc priests
  A quasit (Zot:5)
  95 orcs
  10 fungi
  33 plants
  22 tentacles
301 creatures vanquished.

Grand Total: 3087 creatures vanquished

Notes
Turn   | Place    | Note
-------+----------+-------------------------------------------
     0 | D:1      | grothendieck the Hill Orc Monk began the quest for the Orb.
     0 | D:1      | Reached XP level 1. HP: 19/19 MP: 1/1
   368 | D:1      | Reached XP level 2. HP: 7/27 MP: 2/2
   839 | D:1      | adder on D1???
  1254 | D:1      | Reached XP level 3. HP: 28/33 MP: 3/3
  1409 | D:1      | Reached skill level 5 in Axes
  1466 | D:1      | Reached skill level 1 in Armour
  1776 | D:1      | You fall through a shaft!
  2657 | D:2      | Reached XP level 4. HP: 28/40 MP: 4/4
  3924 | D:3      | Reached XP level 5. HP: 46/47 MP: 5/5
  4378 | D:3      | Became a worshipper of Beogh the Brigand
  4378 | D:3      | Reached * piety under Beogh
  4378 | D:3      | Reached ** piety under Beogh
  4763 | D:4      | Reached skill level 5 in Fighting
  4835 | D:4      | Noticed an ogre
  5030 | D:3      | Reached XP level 6. HP: 55/56 MP: 6/6
  5131 | D:4      | Found Ryehong's Weapon Emporium.
  5423 | D:3      | Reached skill level 1 in Invocations
  5964 | D:5      | Entered Level 5 of the Dungeon
  6209 | D:5      | Found Oraf's Assorted Antiques.
  6217 | D:5      | Bought 2 scrolls labeled JASKIPR PAM KAOW for 64 gold pieces
  6217 | D:5      | Bought a scroll labeled WOUPALI SITE for 32 gold pieces
  6217 | D:5      | Bought a scroll labeled TAYVUPT XUYVO for 32 gold pieces
  6217 | D:5      | Bought a scroll labeled MARUUT QUSU for 32 gold pieces
  6389 | D:5      | Reached XP level 7. HP: 60/61 MP: 8/8
  6777 | D:5      | Reached skill level 2 in Invocations
  7117 | D:5      | Reached *** piety under Beogh
  7278 | D:6      | Got a pair of translucent gloves
  7640 | D:6      | Reached skill level 3 in Invocations
  7924 | D:6      | Found Honibat's Antique Armour Shoppe.
  8158 | D:6      | Reached XP level 8. HP: 59/71 MP: 10/10
  8890 | D:7      | Reached skill level 4 in Invocations
  8949 | D:7      | Reached skill level 1 in Shields
  9055 | D:7      | Noticed a hippogriff
  9388 | D:7      | Identified the +1 pair of gloves of Teick {rC+ Int+2 Dex+4} (You found it on level 6 of the Dungeon)
  9732 | D:5      | Reached skill level 5 in Armour
  9848 | D:5      | Reached XP level 9. HP: 74/79 MP: 12/12
  9864 | D:5      | Reached skill level 10 in Axes
  9864 | D:5      | Reached skill level 5 in Invocations
 11035 | D:7      | Found a staircase to the Ecumenical Temple.
 11064 | D:7      | Reached **** piety under Beogh
 11185 | Temple   | Entered the Ecumenical Temple
 11521 | D:8      | Found Nitida's Weapon Boutique.
 11544 | D:8      | Reached skill level 6 in Invocations
 11932 | D:8      | Reached XP level 10. HP: 90/90 MP: 14/14
 12544 | D:6      | Bought a glowing cloak for 199 gold pieces
 12748 | D:9      | Found Silarad's Jewellery Emporium.
 12758 | D:9      | Reached skill level 7 in Invocations
 12903 | D:9      | Gained Borgoth as an ally
 13232 | D:9      | Noticed a hill giant
 13244 | D:9      | Killed a hill giant
 13535 | D:9      | You fall through a shaft for 2 floors!
 13535 | D:11     | Found Wownauh's Gadget Shop.
 13535 | D:11     | Noticed a hill giant
 13545 | D:11     | Killed a hill giant
 13991 | D:11     | Noticed a five-headed hydra
 13996 | D:11     | Killed a five-headed hydra
 13996 | D:11     | Reached skill level 8 in Invocations
 14087 | D:11     | Noticed a purple ugly thing
 14097 | D:11     | Killed a purple ugly thing
 14147 | D:11     | Reached XP level 11. HP: 62/99 MP: 11/17
 14295 | D:11     | Noticed a purple ugly thing
 14306 | D:11     | Killed a purple ugly thing
 14512 | D:10     | Entered Level 10 of the Dungeon
 14951 | D:10     | Reached skill level 10 in Fighting
 14951 | D:10     | Reached skill level 9 in Invocations
 14957 | D:10     | Noticed a hill giant
 14965 | D:10     | Killed a hill giant
 14965 | D:10     | Reached ***** piety under Beogh
 16007 | D:10     | Noticed Urug
 16025 | D:10     | Killed Urug
 16384 | D:10     | Found a staircase to the Lair.
 16403 | Lair:1   | Entered Level 1 of the Lair of Beasts
 16413 | Lair:1   | You fall through a shaft!
 16418 | Lair:2   | Gained Warbeogh as an ally
 16539 | Lair:2   | Found a frozen archway.
 16547 | Lair:2   | Your ally Warbeogh died
 16675 | IceCv    | Entered an ice cave
 16711 | IceCv    | Reached skill level 15 in Axes
 16711 | IceCv    | Reached skill level 10 in Invocations
 16798 | IceCv    | Reached XP level 12. HP: 93/108 MP: 17/19
 16887 | IceCv    | Noticed a death yak
 17341 | IceCv    | Killed a death yak
 17744 | IceCv    | Gained Urtork as an ally
 18190 | IceCv    | Reached skill level 11 in Invocations
 18195 | IceCv    | Reached ****** piety under Beogh
 18195 | IceCv    | Reached skill level 10 in Armour
 18378 | IceCv    | Noticed a frost giant
 18436 | IceCv    | Gained Milork as an ally
 18451 | IceCv    | Killed a frost giant
 18647 | IceCv    | Identified Quju's Reference Book on Aerial Sinister Rites
 19699 | Lair:1   | Reached XP level 13. HP: 117/117 MP: 21/21
 20105 | Lair:1   | Found a shattered altar of Ashenzari.
 21288 | Lair:3   | Found a labyrinth entrance.
 21329 | Lab      | Entered a labyrinth
 21669 | Lab      | Noticed a minotaur
 21683 | Lab      | Killed a minotaur
 21683 | Lab      | Reached skill level 12 in Invocations
 21720 | Lab      | Got a transparent robe
 21741 | Lair:3   | Learned a level 1 spell: Apportation
 22043 | Lair:3   | Found a staircase to the Shoals.
 22396 | Lair:3   | Found a white marble altar of Elyvilon.
 23138 | D:11     | Got a pitted war axe
 23342 | D:12     | Found a staircase to the Orcish Mines.
 23948 | D:12     | Identified the +3 war axe of Pandemonium {flame, Str+3} (You found it on level 11 of the Dungeon)
 25376 | Orc:1    | Entered Level 1 of the Orcish Mines
 25436 | Orc:2    | Entered Level 2 of the Orcish Mines
 25436 | Orc:2    | Found a gateway to a bazaar.
 25436 | Orc:2    | Noticed a stone giant
 25448 | Orc:1    | Killed a stone giant
 25681 | D:10     | Gained Urtork as an ally
 25804 | Lair:4   | Noticed Rupert
 25827 | Lair:4   | Paralysed by Rupert for 6 turns
 25829 | Lair:4   | Killed Rupert
 25829 | Lair:4   | Reached XP level 14. HP: 119/129 MP: 21/23
 25921 | Lair:4   | Gained Arkwar as an ally
 25985 | Lair:4   | Found a staircase to the Snake Pit.
 26195 | Lair:4   | Reached skill level 13 in Invocations
 26330 | Lair:4   | Identified 2 scrolls of acquirement
 27237 | Orc:2    | Noticed an orc warlord
 27254 | Orc:2    | Killed an orc warlord
 28213 | Lair:6   | Entered Level 6 of the Lair of Beasts
 28262 | Lair:6   | Gained Ortolf as an ally
 28262 | Lair:6   | Reached skill level 5 in Dodging
 28949 | Lair:6   | Gained Beowulf as an ally
 29002 | Lair:6   | Reached skill level 14 in Invocations
 29080 | Lair:6   | Reached XP level 15. HP: 103/139 MP: 25/25
 30626 | Orc:2    | Found a staircase to the Elven Halls.
 30744 | Orc:2    | Gained Warrok as an ally
 31037 | Orc:2    | Gained Boderik as an ally
 31038 | Orc:2    | Found Namixko's Antique Armour Shoppe.
 31044 | Orc:2    | Paralysed by an orc sorcerer for 6 turns
 31049 | Orc:2    | Your ally Boderik died
 31259 | Orc:2    | Found Bachaf's Gadget Emporium.
 31259 | Orc:2    | Found Saply's Gadget Shoppe.
 31264 | Orc:2    | Found Waxkiycyg's General Store.
 31546 | Bazaar   | Entered a bazaar
 31546 | Bazaar   | Found Fabeckaa's Magic Scroll Boutique.
 31546 | Bazaar   | Found Xuybau's Antique Weapon Boutique.
 31548 | Bazaar   | Found Rotzafil's General Store.
 31588 | Bazaar   | Found Caxizao's Magic Scroll Shop.
 31593 | Bazaar   | Found Zidaas's Food Shop.
 31610 | Bazaar   | Bought a scroll of enchant armour for 60 gold pieces
 31610 | Bazaar   | Bought a scroll of identify for 16 gold pieces
 31610 | Bazaar   | Bought 3 scrolls of identify for 48 gold pieces
 31634 | Bazaar   | Bought the +2 pair of boots of Pessimism {rF+ rN+ SInv} for 627 gold pieces
 31645 | Bazaar   | Bought a scroll of teleportation for 39 gold pieces
 31645 | Bazaar   | Bought a scroll of teleportation for 39 gold pieces
 31645 | Bazaar   | Bought a scroll of identify for 26 gold pieces
 31652 | Bazaar   | Bought a scroll of identify for 34 gold pieces
 31652 | Bazaar   | Bought a scroll of identify for 34 gold pieces
 31672 | Bazaar   | Bought a scroll of magic mapping for 28 gold pieces
 31672 | Bazaar   | Bought a scroll of magic mapping for 28 gold pieces
 31672 | Bazaar   | Bought a scroll of magic mapping for 28 gold pieces
 31672 | Bazaar   | Bought a scroll of magic mapping for 28 gold pieces
 31690 | Bazaar   | Bought a scroll of enchant armour for 97 gold pieces
 31692 | Bazaar   | Bought a scroll of remove curse for 39 gold pieces
 31864 | Orc:1    | Found a shimmering altar of Xom.
 31864 | Orc:1    | Noticed an orc warlord
 31876 | Orc:1    | Killed an orc warlord
 31881 | Orc:1    | Your ally Milork died
 32931 | D:13     | Noticed Kirke
 32967 | D:13     | Killed Kirke
 32967 | D:13     | Reached skill level 15 in Fighting
 33944 | D:14     | Reached skill level 15 in Invocations
 34203 | D:14     | Found a shadowy altar of Dithmenos.
 34757 | D:14     | Found a gate to the Vaults.
 34890 | D:15     | Entered Level 15 of the Dungeon
 34941 | D:15     | Gained Gorm as an ally
 35090 | D:15     | Gained Dorog as an ally
 36058 | D:15     | Found a staircase to the Depths.
 36103 | D:15     | Gained Bogric as an ally
 36611 | D:15     | Learned a level 2 spell: Passwall
 36668 | D:14     | Reached XP level 16. HP: 135/146 MP: 27/27
 36925 | D:9      | Noticed Maurice
 36933 | D:9      | Killed Maurice
 37675 | Snake:1  | Entered Level 1 of the Snake Pit
 37675 | Snake:1  | Found Lomuplug's Weapon Shop.
 37733 | Snake:1  | Your ally Beowulf died
 38032 | Snake:1  | Found Peun Ihi's Armour Boutique.
 38081 | Snake:1  | Got a warped turquoise ring
 38309 | Snake:1  | Identified the cursed ring of Zeuweank {rPois rC+ Dex-6} (You found it on level 1 of the Snake Pit)
 38332 | Snake:1  | Found Bikk's Armour Shoppe.
 38382 | Snake:1  | Found Goserr's Weapon Shoppe.
 38760 | Snake:2  | Reached skill level 16 in Invocations
 38971 | Snake:2  | Reached skill level 5 in Shields
 40663 | Snake:3  | Noticed Louise
 40669 | Snake:3  | Killed Louise
 41545 | Snake:3  | Noticed a nagaraja
 41553 | Snake:3  | Killed a nagaraja
 41947 | Snake:4  | Entered Level 4 of the Snake Pit
 42340 | Snake:4  | Noticed a nagaraja
 43061 | Snake:4  | Killed a nagaraja
 43061 | Snake:4  | Reached XP level 17. HP: 156/156 MP: 29/29
 43379 | Snake:4  | Reached skill level 15 in Armour
 43665 | Snake:4  | Reached skill level 17 in Invocations
 44358 | Snake:4  | Reached skill level 10 in Shields
 44630 | Snake:4  | Your ally Ortolf died
 44650 | Snake:4  | Your ally Dorog died
 45311 | Snake:4  | Got a serpentine rune of Zot
 45811 | Lair:1   | Got a pair of fine boots
 46082 | Shoals:1 | Entered Level 1 of the Shoals
 46102 | Shoals:1 | Noticed Donald
 46114 | Lair:3   | Killed Donald
 46653 | Shoals:1 | Found Roczoiso's Food Boutique.
 47375 | Shoals:1 | Reached XP level 18. HP: 170/170 MP: 30/30
 47561 | Shoals:2 | Identified the +2 pair of boots of Seociug {rF++ MR- Str+3 Int+2} (You acquired it on level 1 of the Lair of Beasts)
 48538 | Shoals:3 | Your ally Urtork died
 49135 | Shoals:3 | Gained Norbak as an ally
 49529 | Shoals:3 | Found a hazy altar of Hepliaklqana.
 50480 | Shoals:3 | Gained Warrok as an ally
 51102 | Shoals:4 | Entered Level 4 of the Shoals
 51111 | Shoals:4 | Noticed Ilsuiw
 51370 | Shoals:4 | Killed Ilsuiw
 51818 | Shoals:3 | Reached skill level 18 in Invocations
 53260 | Shoals:4 | Gained Bogward as an ally
 53260 | Shoals:4 | Gained Olfrun as an ally
 53345 | Shoals:3 | Gained Bogrim as an ally
 53374 | Shoals:4 | Found Emesh's Book Shoppe.
 53733 | Shoals:4 | Found Jolutugo's Magic Scroll Shop.
 53906 | Shoals:4 | Bought a scroll of fear for 70 gold pieces
 53906 | Shoals:4 | Bought a scroll of fear for 70 gold pieces
 54065 | Shoals:4 | Found Geshraeva's Antique Armour Shoppe.
 54149 | Shoals:4 | Bought a manual of Dodging for 1766 gold pieces
 54662 | Shoals:4 | Got a barnacled rune of Zot
 54674 | Shoals:4 | Found Zomainim's Distillery.
 54770 | Shoals:4 | Bought a potion of heal wounds for 95 gold pieces
 54770 | Shoals:4 | Bought a potion of heal wounds for 95 gold pieces
 56144 | Shoals:4 | Got a steaming quarterstaff {protect}
 56244 | Shoals:3 | Reached XP level 19. HP: 130/180 MP: 32/32
 56318 | Shoals:2 | Gained Murdo as an ally
 56795 | Lair:5   | Found a staircase to the Slime Pits.
 57565 | Vaults:1 | Entered Level 1 of the Vaults
 59466 | Vaults:2 | Gained Jorge as an ally
 59831 | Vaults:2 | Reached skill level 10 in Dodging
 59923 | Vaults:2 | Found Resya's General Store.
 62458 | Vaults:2 | Reached XP level 20. HP: 163/192 MP: 33/33
 62609 | Vaults:2 | Identified Wuhi's Reference Book on the Compass and Transmutation
 62615 | Vaults:2 | Learned a level 3 spell: Lesser Beckoning
 62897 | Vaults:2 | Reached skill level 19 in Invocations
 64287 | Vaults:3 | Gained Boderik as an ally
 64602 | Vaults:3 | Found a staircase to the Crypt.
 64737 | Vaults:3 | Gained Wargath as an ally
 65945 | Vaults:4 | Gained Bogwik as an ally
 65973 | Vaults:4 | Your ally Wargath died
 66120 | Vaults:4 | Found Ezummiq's Armour Shop.
 66127 | Vaults:4 | Bought a +1 cloak of magic resistance for 379 gold pieces
 66651 | Vaults:4 | Reached XP level 21. HP: 193/202 MP: 34/34
 67869 | Orc:2    | Bought an ichor-stained chain mail for 323 gold pieces
 67869 | Orc:2    | Identified the +7 chain mail "Hius" {rF++ rC+} (You bought it in a shop on level 2 of the Orcish Mines)
 67903 | Elf:1    | Entered Level 1 of the Elven Halls
 67938 | Elf:1    | Found Vathraom's Assorted Antiques.
 68018 | Elf:1    | Bought a sedimented yellow potion for 17 gold pieces
 68211 | Elf:1    | Your ally Bogrim died
 69270 | Elf:1    | Reached skill level 15 in Shields
 69350 | Elf:1    | Reached skill level 20 in Invocations
 70071 | Elf:2    | Found a huge runed gate.
 70071 | Elf:2    | Found a huge runed gate.
 70071 | Elf:2    | Found a huge runed gate.
 70071 | Elf:2    | Found a huge runed gate.
 70071 | Elf:2    | Found a huge runed gate.
 70149 | Elf:2    | Found Muyshred's Gadget Boutique.
 70307 | Elf:2    | Found Ulloahee's Magic Scroll Emporium.
 70314 | Elf:2    | Bought a scroll of acquirement for 728 gold pieces
 70315 | Elf:2    | Got amethyst-encrusted storm dragon scales
 70316 | Elf:2    | Identified the +6 storm dragon scales "Pyup" {rElec rCorr Str+4} (You acquired it on level 2 of the Elven Halls)
 70475 | Elf:2    | Found Ocanloegh's Jewellery Shoppe.
 70560 | Elf:2    | Found Xisi's Magic Scroll Emporium.
 70639 | Elf:2    | Found Duiz's Food Boutique.
 71614 | Elf:3    | Entered Level 3 of the Elven Halls
 71937 | Elf:3    | Noticed ouz's ghost (adept DDFi)
 71958 | Elf:3    | Killed ouz's ghost
 73006 | Elf:2    | Your ally Murdo died
 73160 | Elf:2    | Your ally Bogric died
 73384 | Elf:2    | Reached XP level 22. HP: 211/213 MP: 36/36
 73764 | Elf:3    | Got a pitted bone ring
 74017 | Elf:3    | Identified the ring "Melalen" {rElec MR++ Dex+4} (You took it off a deep elf annihilator on level 3 of the Elven Halls)
 74088 | Elf:3    | Got a polished war axe {flame}
 74089 | Elf:3    | Identified the +4 war axe of the Insatiable Dances {flame, rPois} (You took it off a deep elf demonologist on level 3 of the Elven Halls)
 74157 | Elf:3    | Identified the Incunabulum of Poisoning and Arcane Weapons
 74446 | Lair:1   | Got a heavily runed helmet
 74447 | Lair:1   | Identified the +2 helmet "Tirephirph" {rElec Str-2 Int+3} (You acquired it on level 1 of the Lair of Beasts)
 75393 | Depths:1 | Entered Level 1 of the Depths
 75523 | Depths:1 | Found a gateway to Hell.
 75921 | Depths:1 | Found Luntewn's Luxury Loot.
 76425 | Depths:1 | Found a one-way gate to the infinite horrors of the Abyss.
 76452 | Depths:1 | Reached skill level 21 in Invocations
 77009 | Depths:2 | Noticed Boris
 77012 | Depths:2 | Killed Boris
 77095 | Depths:2 | Noticed Sojobo
 77120 | Depths:2 | Killed Sojobo
 77130 | Depths:2 | Your ally Boderik died
 77758 | Depths:2 | Reached XP level 23. HP: 211/223 MP: 37/37
 78503 | Depths:3 | Found a one-way gate leading to the halls of Pandemonium.
 79306 | Depths:3 | Gained Boghold as an ally
 79408 | Depths:3 | Found a gateway to a ziggurat.
 79914 | Depths:3 | Noticed a golden dragon
 79947 | Depths:3 | Killed a golden dragon
 79950 | Depths:3 | Your ally Jorge died
 80133 | Depths:2 | Your ally Olfrun died
 80218 | Depths:2 | Gained Boldo as an ally
 80838 | Depths:2 | Your ally Warrok died
 81142 | Depths:3 | Reached skill level 22 in Invocations
 81216 | Depths:3 | Found a portal to a secret trove of treasure.
 82027 | Lair:1   | Identified a +0 rod of ignition (11/11) (You found it on level 14 of the Dungeon)
 82781 | Depths:3 | Gained Boldo as an ally
 82791 | Depths:3 | Your ally Boldo died
 83905 | Depths:4 | Reached XP level 24. HP: 233/233 MP: 38/38
 84129 | Depths:4 | Reached skill level 23 in Invocations
 84360 | Depths:4 | Identified the cursed +2 war axe of Precise Incision {chop, rN+ Str+2} (You found it on level 4 of the Depths)
 84479 | Depths:4 | Noticed a caustic shrike
 84484 | Depths:4 | Killed a caustic shrike
 84485 | Depths:4 | Your ally Warrok died
 84487 | Depths:4 | Your ally Boghold died
 84499 | Depths:4 | Noticed a caustic shrike
 84500 | Depths:4 | Killed a caustic shrike
 85097 | Depths:4 | Noticed a caustic shrike
 85112 | Depths:4 | Reached skill level 24 in Invocations
 85125 | Depths:4 | Your ally Bogwik died
 85131 | Depths:4 | Your ally Norbak died
 85133 | Depths:4 | Your ally Gorm died
 85134 | Depths:4 | Your ally Arkwar died
 85347 | Depths:4 | Killed a caustic shrike
 85415 | Depths:4 | Reached skill level 15 in Dodging
 85616 | Depths:5 | Entered Level 5 of the Depths
 85742 | Depths:4 | Gained Blodwig as an ally
 86261 | Depths:4 | Paralysed by a floating eye for 4 turns
 87089 | Depths:5 | Found a gate to the Realm of Zot.
 87627 | Depths:5 | Found Yczem's Food Shoppe.
 87633 | Depths:5 | Noticed the Enchantress
 87711 | Depths:4 | Killed the Enchantress
 87711 | Depths:4 | Reached skill level 25 in Invocations
 87713 | Depths:4 | Got faerie dragon scales
 87716 | Depths:4 | Identified the +2 faerie dragon scales {rF+ rCorr Str-3} (You took it off the Enchantress on level 4 of the Depths)
 88405 | Depths:4 | Reached XP level 25. HP: 243/243 MP: 39/39
 88622 | Depths:5 | Gained Bogdar as an ally
 88694 | Depths:2 | Your ally Bogdar died
 89080 | Vaults:5 | Entered Level 5 of the Vaults
 89148 | Vaults:4 | Gained Boruk as an ally
 90215 | Vaults:5 | Noticed Mara
 90461 | Vaults:4 | Killed Mara
 90481 | Vaults:4 | Reached skill level 26 in Invocations
 90644 | Vaults:5 | Noticed Jorgrun
 90730 | Vaults:4 | Killed Jorgrun
 90786 | Vaults:4 | Gained Rocco as an ally
 90992 | Vaults:5 | Noticed an ancient lich
 91247 | Vaults:4 | Killed an ancient lich
 91621 | Vaults:5 | Identified the Compendium of Arcane Weapons
 91687 | Vaults:4 | Got a fine steel ring
 92238 | Vaults:5 | Gained Borgun as an ally
 93012 | Vaults:5 | Got a silver rune of Zot
 93509 | Vaults:4 | Identified the ring "Ynelae" {rElec rN+} (You took it off a tengu reaver on level 4 of the Vaults)
 93769 | Vaults:5 | Got a vibrating bone ring
 93771 | Vaults:5 | Identified the ring "Badweg" {Ice +Inv rElec Int+4} (You found it on level 5 of the Vaults)
 93820 | Vaults:5 | Got a heavily runed granite ring
 93824 | Vaults:5 | Identified the ring of Ycwepeag {+Inv MR+ Int+2} (You found it on level 5 of the Vaults)
 93883 | Vaults:5 | Gained Agrik as an ally
 93895 | Vaults:5 | Reached XP level 26. HP: 245/253 MP: 40/40
 94615 | Vaults:3 | Your ally Agrik died
 94615 | Vaults:3 | Your ally Bogward died
 95249 | Zot:1    | Entered Level 1 of the Realm of Zot
 95415 | Zot:1    | Gained Herok as an ally
 95619 | Zot:1    | Got a distressingly furry large shield
 95629 | Zot:1    | Identified the +5 large shield of Hairiness {rCorr} (You found it on level 1 of the Realm of Zot)
 96362 | Elf:2    | Bought a scroll of fear for 66 gold pieces
 96362 | Elf:2    | Bought a scroll of teleportation for 57 gold pieces
 96362 | Elf:2    | Bought a scroll of fear for 66 gold pieces
 96362 | Elf:2    | Bought a scroll of teleportation for 57 gold pieces
 96362 | Elf:2    | Bought a scroll of enchant weapon for 142 gold pieces
 96362 | Elf:2    | Bought a scroll of enchant weapon for 142 gold pieces
 96412 | Elf:2    | Bought a scroll of teleportation for 42 gold pieces
 96412 | Elf:2    | Bought a scroll of teleportation for 42 gold pieces
 96412 | Elf:2    | Bought a scroll of teleportation for 42 gold pieces
 96412 | Elf:2    | Bought a scroll of enchant armour for 105 gold pieces
 96487 | Orc:2    | Bought a scroll of enchant armour for 135 gold pieces
 96790 | Depths:3 | You paid a toll of a +5 demon whip to enter a treasure trove
 96791 | Trove    | Entered a treasure trove
 96804 | Trove    | Got a slimy amber ring
 96808 | Trove    | Got a heavily runed lead amulet
 96812 | Trove    | Got a slimy ruby amulet
 96822 | Trove    | Got a twisted crystal plate armour
 96862 | Depths:3 | Identified the +0 crystal plate armour of Defence {-Tele +Fly rF+ Int+3 Dex+5} (You found it in a treasure trove)
 96868 | Depths:3 | Identified the ring of the Trilobite {rN+ MR+ AC+1 Str+6} (You found it in a treasure trove)
 96869 | Depths:3 | Identified the amulet "Edyog" {Regen+ Int+4} (You found it in a treasure trove)
 96870 | Depths:3 | Identified the amulet "Fib Vuq" {Gourm rPois} (You found it in a treasure trove)
 96982 | Zot:2    | Noticed an ancient lich
 96989 | Zot:1    | Killed an ancient lich
 97020 | Zot:1    | Your ally Herok died
 97023 | Zot:1    | Your ally Boruk died
 97025 | Zot:1    | Reached skill level 1 in Evocations
 97428 | Zot:2    | Reached skill level 27 in Invocations
 97678 | Zot:2    | Gained Herok as an ally
 97866 | Zot:2    | Reached skill level 5 in Evocations
 98017 | Zot:2    | Gained Learuk as an ally
 98180 | Zot:2    | Your ally Herok died
 98245 | Zot:2    | Noticed an orb of fire
 98245 | Zot:2    | Gained mutation: You tend to lose your temper in combat. [an orb of fire]
 98260 | Zot:2    | Killed an orb of fire
 98347 | Zot:2    | Lost mutation: You tend to lose your temper in combat. [potion of cure mutation]
 99394 | Zot:3    | Reached XP level 27. HP: 262/262 MP: 0/40
100448 | Zot:3    | Learned a level 2 spell: Song of Slaying
100452 | Zot:3    | Learned a level 3 spell: Regeneration
100456 | Zot:3    | Learned a level 3 spell: Spectral Weapon
100566 | Zot:2    | Gained Bogric as an ally
100730 | Zot:3    | Noticed Tiamat
100919 | Zot:2    | Killed Tiamat
101815 | Zot:3    | Reached skill level 10 in Evocations
102726 | Zot:5    | Entered Level 5 of the Realm of Zot
104399 | Zot:5    | Noticed an ancient lich
104545 | Zot:4    | Killed an ancient lich
104700 | Zot:5    | DOUBLE ZOT TRAP ZOT:5 LELA
104732 | Zot:5    | Noticed an orb of fire
104747 | Zot:5    | Killed an orb of fire
104924 | Zot:5    | Noticed an ancient lich
104936 | Zot:4    | Killed an ancient lich
105193 | Zot:5    | Noticed an orb of fire
105213 | Zot:4    | Killed an orb of fire
106716 | Zot:5    | Paralysed by a Zot trap for 3 turns
107057 | Zot:5    | Noticed an ancient lich
107064 | Zot:5    | Killed an ancient lich
107147 | Zot:5    | Got the Orb of Zot
107399 | D:13     | Noticed Ufisu the pandemonium lord
107535 | D:9      | Gained mutation: Armour fits poorly on your strangely shaped body. [a neqoxec]
107541 | D:8      | Lost mutation: Armour fits poorly on your strangely shaped body. [potion of cure mutation]
107742 | D:$      | Escaped with the Orb!

Skill      XL: |  1  2  3  4  5  6  7  8  9 10 11 12 13 14 15 16 17 18 19 20 21 22 23 24 25 26 27 |
---------------+----------------------------------------------------------------------------------+-----
Fighting       | 4 5 6 7 8 9 10 11 13 14 15 16 17 18 19 20 21 22 23 24 25 | 25.5
Axes           | 5 6 7 8 9 11 13 15 16 18 | 18.0
Armour         | 1 2 3 4 5 6 7 9 10 11 12 14 15 16 17 18 19 20 21 22 | 22.8
Invocations    | 1 3 4 6 8 10 11 12 14 15 16 17 18 19 20 21 22 25 26 27 | 27.0
Shields        | 2 4 7 11 13 14 15 16 17 18 19 21 | 21.1
Dodging        | 3 5 7 8 11 12 13 14 15 16 17 | 17.4
Evocations     | 7 12 | 12.5
Stealth        | |  1.5

Action                   |  1- 3 |  4- 6 |  7- 9 | 10-12 | 13-15 | 16-18 | 19-21 | 22-24 | 25-27 || total
-------------------------+-------+-------+-------+-------+-------+-------+-------+-------+-------++-------
Melee: Hand axe          |   184 |   330 |   430 |       |       |       |       |       |       ||   944
       War axe           |       |       |   156 |   729 |  1058 |  1360 |   123 |       |       ||  3426
       Unarmed           |       |       |       |       |     7 |       |       |       |       ||     7
       Broad axe         |       |       |       |       |       |       |   984 |  1102 |  1077 ||  3163
       Bardiche          |       |       |       |       |       |       |    32 |       |       ||    32
       Demon blade       |       |       |       |       |       |       |       |       |   331 ||   331
Throw: Stone             |       |       |     7 |       |       |       |       |       |       ||     7
       Tomahawk          |       |       |     4 |       |       |       |       |       |       ||     4
Invok: Convert to Beogh  |       |     1 |       |       |       |       |       |       |       ||     1
       Smiting           |       |       |     1 |     5 |     7 |    33 |    42 |    62 |    24 ||   174
       Recall Orcish Fol |       |       |       |    10 |    48 |    34 |    37 |    27 |    72 ||   228
       Stop Recall       |       |       |       |     2 |    26 |    25 |    30 |    21 |    10 ||   114
       Resurrection      |       |       |       |       |     1 |       |     1 |       |     2 ||     4
       Give Item to Name |       |       |       |       |     1 |     4 |     1 |     6 |     8 ||    20
Evoke: Wand              |       |       |     2 |     1 |       |       |       |       |     5 ||     8
  Use: Scroll            |       |     5 |     8 |     8 |    24 |    15 |    18 |    28 |    29 ||   135
       Potion            |       |       |     7 |       |     2 |     1 |     3 |     1 |     6 ||    20
 Stab: Sleeping          |     2 |       |       |       |       |       |       |       |       ||     2
       Distracted        |       |       |     1 |     8 |     8 |    21 |    13 |    22 |    31 ||   104
       Paralysed         |       |       |       |       |       |     1 |       |       |       ||     1
       Petrified         |       |       |       |       |       |       |     6 |       |       ||     6
  Eat: Chunk             |     6 |    10 |     7 |    20 |    34 |    28 |    41 |    17 |    22 ||   185
       Royal jelly       |       |     1 |       |       |     7 |     8 |     1 |     1 |       ||    18
       Meat ration       |       |       |     2 |       |     1 |     1 |     1 |     1 |     5 ||    11
       Beef jerky        |       |       |     1 |     1 |       |     2 |     1 |     4 |     1 ||    10
       Fruit             |       |       |     1 |     3 |     1 |    10 |       |     3 |     4 ||    22
       Pizza             |       |       |     1 |     2 |     1 |     1 |     3 |     1 |     3 ||    12
       Bread ration      |       |       |       |       |     1 |       |       |     3 |     4 ||     8
Armor: Robe              |    32 |    16 |       |       |       |       |       |       |       ||    48
       Ring mail         |       |    75 |    20 |       |       |       |       |       |       ||    95
       Chain mail        |       |       |    56 |       |       |       |   186 |       |       ||   242
       Skin              |       |       |     7 |       |       |       |       |       |       ||     7
       Plate armour      |       |       |   222 |   401 |   656 |   675 |    84 |       |       ||  2038
       Storm dragon scal |       |       |       |       |       |       |    55 |   226 |       ||   281
       Gold dragon scale |       |       |       |       |       |       |       |   286 |   723 ||  1009
Dodge: Dodged            |   139 |   173 |   150 |   206 |   401 |   328 |   270 |   441 |   650 ||  2758
Block: Buckler           |       |       |    85 |   163 |   215 |    30 |       |       |       ||   493
       Large shield      |       |       |       |       |       |  1327 |   937 |  1235 |  2042 ||  5541
       Rpst.: Demon blade |       |       |       |       |       |       |       |       |    32 ||    32
